 Dungeon Crawl Stone Soup version 0.31.0-11-ge490571c62 (webtiles) character file.

Game seed: 10727932980763952974

174 jasper the Slasher (level 5, -4/42 HPs)
             Began as an Armataur Fighter on Feb 3, 2024.
             Slain by a black bear (10 damage)
             ... on level 5 of the Dungeon.
             The game lasted 00:03:56 (1821 turns).

jasper the Slasher (Armataur Fighter)               Turns: 1821, Time: 00:03:57

Health: -4/42      AC:  9    Str: 21    XL:     5   Next: 28%
Magic:  5/5        EV:  7    Int: 11    God:
Gold:   91         SH:  5    Dex:  9    Spells: 4/4 levels left

rFire   . . .        a - +1 long sword
rCold   + . .        c - +1 buckler
rNeg    . . .        d - +3 scale mail {rC+}
rPois   .            (no helmet)
rElec   .            (no cloak)
rCorr   .            (no gloves)
SInv    .            (no barding)
Will    +....        (no amulet) Stlth
                     f - ring of willpower
HPRegen 0.27/turn    (no ring)
MPRegen 0.09/turn

%: roll
@: no status effects
A: large, deformed body, tough skin 3, armoured tail, roll 1
a: no special abilities


You were on level 5 of the Dungeon.
You visited 1 branch of the dungeon, and saw 5 of its levels.

You collected 91 gold pieces.

Inventory:

Hand Weapons
 a - a +1 long sword (weapon)
Missiles
 j - 9 stones (quivered)
Armour
 b - a +0 scale mail
 c - a +1 buckler (worn)
 d - a +3 scale mail of cold resistance (worn)
Jewellery
 f - a ring of willpower (left hand)
Scrolls
 i - a scroll of identify


   Skills:
 - Level 2.6 Fighting
 + Level 5.1 Long Blades
 - Level 3.6 Armour
 - Level 3.2 Shields


You had 4 spell levels left.
You didn't know any spells.
Your spell library contained the following spells:

 Spells                   Type           Power      Damage    Failure   Level
 Frozen Ramparts          Ice            0%         1d1       98%         3
 Leda's Liquefaction      Alch/Erth      0%         N/A       100%        4
 Petrify                  Alch/Erth      0%         N/A       100%        4
 Metabolic Englaciation   Hex/Ice        0%         N/A       100%        5


Dungeon Overview and Level Annotations

Branches:
Dungeon (5/15)
 Temple: D:4-7

Altars:

Shops:
D:1 [

Annotations:
D:2 Sigmund
D:4 Duvessa


Innate Abilities, Weirdness & Mutations

Armour fits poorly on your strangely shaped body.
You have extremely tough skin. (AC +3)
You have a long armoured tail.
You regenerate magic when rolling toward enemies. (Rampage MPRegen)


Message History

The black bear is severely wounded.
The black bear barely misses you.
The black bear claws you but does no damage.
You block the black bear's attack. The black bear bites you.
The black bear claws you but does no damage.
The black bear claws you.
You hit the black bear.
The black bear is severely wounded.
The black bear goes berserk!
You hit the black bear.
Your tail-slap misses the black bear.
The black bear is severely wounded.
The black bear bites you. You block the black bear's attack.
The black bear claws you. The black bear bites you!
The black bear claws you but does no damage.
You block the black bear's attack.
You hit the black bear but do no damage.
Your tail-slap misses the black bear.
The black bear is severely wounded.
The black bear barely misses you.
The black bear claws you but does no damage. x2
The black bear barely misses you.
The black bear claws you but does no damage. x2
You hit the black bear.
The black bear is severely wounded.
The black bear bites you. You block the black bear's attack.
The black bear claws you.
You barely miss the black bear.
Your tail-slap misses the black bear.
The black bear is severely wounded.
The black bear bites you. The black bear claws you. x2
* * * LOW HITPOINT WARNING * * *
The black bear barely misses you. The black bear claws you.
* * * LOW HITPOINT WARNING * * *
You block the black bear's attack.
You completely miss the black bear. You tail-slap the black bear.
The black bear is almost dead.
The black bear bites you but does no damage.
The black bear claws you.
* * * LOW HITPOINT WARNING * * *
The black bear barely misses you. The black bear bites you!
You die...

#......## ##..#
#.......########..#
#................#
#...........##...#
##.......#######..######
##.......<# #........
..........## #........
####.......# ##........
##......# #@...#####
#......#####h.###
##........#..##
##.........(# ..#
#....#####.# ...#
##.#### #(. .... #..#
##. ....##..# #
.....#..#


You could see a black bear (berserk).

Vanquished Creatures
  Dowan (D:4)
  An orc priest (D:3)
  Terence (D:2)
  2 adders (D:4)
  A dart slug (D:2)
  8 orcs
  3 bats
  4 endoplasms
  A giant cockroach (D:2)
  3 hobgoblins (D:1)
  2 jackals (D:3)
  A quokka (D:1)
  A ball python (D:2)
  4 frilled lizards (D:1)
  4 goblins
  4 kobolds
  2 rats (D:1)
43 creatures vanquished.

Notes
Turn   | Place    | Note
-------+----------+-------------------------------------------
     0 | D:1      | jasper the Armataur Fighter began the quest for the Orb.
     0 | D:1      | Reached XP level 1. HP: 18/18 MP: 1/1
    29 | D:1      | Found Pistriduag's Armour Shop.
    41 | D:1      | Reached skill level 2 in Long Blades
   193 | D:1      | Reached XP level 2. HP: 25/25 MP: 2/2
   667 | D:2      | Reached skill level 3 in Long Blades
   704 | D:2      | Noticed Terence
   709 | D:2      | Killed Terence
   710 | D:2      | Reached XP level 3. HP: 18/30 MP: 3/3
   842 | D:2      | Noticed Sigmund
   926 | D:3      | Reached skill level 4 in Long Blades
   926 | D:3      | Reached XP level 4. HP: 14/37 MP: 4/4
  1399 | D:3      | Noticed an ogre
  1424 | D:4      | Noticed Dowan
  1427 | D:4      | Noticed Duvessa
  1431 | D:4      | Killed Dowan
  1432 | D:4      | Reached skill level 5 in Long Blades
  1432 | D:4      | Reached XP level 5. HP: 39/42 MP: 5/5
  1464 | D:5      | Entered Level 5 of the Dungeon
  1805 | D:5      | Noticed a black bear
  1821 | D:5      | Slain by a black bear

Illustrated notes

Levels and vault maps discovered:
D:1:      psy_arrival_fountain, layout_basic, serial_shops, shop
D:2:      layout_basic, serial_shops, shop, basic_altar, uniq_terence,
          uniq_sigmund
D:3:      layout_basic, mainiacjoe_overflow_paths, minmay_ogre_servants
D:4:      layout_cave_pods, minmay_manual_monstrance, uniq_duvessa
D:5:      layout_cave_pods, ebering_dispersal_statue_hall, nicolae_custom_books

Skill      XL: |  1  2  3  4 |
---------------+-------------+-----
Long Blades    | 2 3 4 5 |  5.1
Fighting       | |  2.6
Armour         | |  3.6
Shields        | |  3.2

Action                     |  1- 3 |  4- 6 || total
---------------------------+-------+-------++-------
  Melee: Long sword        |    92 |    58 ||   150
         Tailslap          |    11 |     6 ||    17
  Throw: Stone             |       |     2 ||     2
         Dart              |       |     2 ||     2
  Evoke: Wand              |       |     6 ||     6
    Use: Scroll            |     6 |     5 ||    11
         Potion            |     2 |       ||     2
 Armour: Scale mail        |    66 |    89 ||   155
  Dodge: Dodged            |    33 |    23 ||    56
  Block: Buckler           |    13 |    19 ||    32
